 Dungeon Crawl Stone Soup version 0.26-a0-487-gbff1e92059 (webtiles) character file.

Game seed: 13113898169367018674

11489 Infinimo the Destroyer (level 11, 0/64 HPs)
             Began as a Tengu Fire Elementalist on Aug 2, 2020.
             Slain by a seven-headed hydra (1 damage)
             ... on level 2 of the Lair of Beasts.
             The game lasted 00:25:49 (18816 turns).

Infinimo the Destroyer (Tengu Fire Elementalist)   Turns: 18816, Time: 00:25:49

Health: 0/64       AC:  6    Str:  8    XL:     11   Next: 78%
Magic:  19/23      EV: 15    Int: 18    God:
Gold:   510        SH:  0    Dex: 16    Spells: 19/24 levels left

rFire    + . .     SeeInvis .   h - +4 dagger (venom)
rCold    + . .     Faith    .   (no shield)
rNeg     . . .     Spirit   .   E - +2 robe {rC+}
rPois    .         Reflect  .   (helmet restricted)
rElec    .         Harm     .   r - +0 cloak
rCorr    .                      y - +0 pair of gloves
MR       .....                  (boots unavailable)
Stlth    ++........             (no amulet)
HPRegen  0.20/turn              o - ring of protection from fire
MPRegen  0.18/turn              (no ring)

@: flying quickly and evasively, quick
A: beak, talons 3, able to fly
a: Stop Flying


You were on level 2 of the Lair of Beasts.
You visited 3 branches of the dungeon, and saw 13 of its levels.

You collected 615 gold pieces.
You spent 105 gold pieces at shops.

Inventory:

Hand Weapons
 h - a +4 dagger of venom (weapon)
Armour
 r - a +0 cloak (worn)
 y - a +0 pair of gloves (worn)
 E - a +2 robe of cold resistance (worn)
Jewellery
 o - a ring of protection from fire (left hand)
 D - an uncursed amulet of guardian spirit {unknown}
Wands
 a - a wand of clouds (7)
 e - a wand of digging (3)
 u - a wand of disintegration (17)
 I - a wand of iceblast (5)
Scrolls
 c - 7 scrolls of enchant armour
 d - 10 scrolls of identify
 i - 4 scrolls of teleportation
 j - 3 scrolls of fog
 q - 2 scrolls of remove curse
 s - 2 scrolls of blinking
 t - 2 scrolls of enchant weapon
 w - 3 scrolls of magic mapping
 x - 2 scrolls of brand weapon
 H - a scroll of summoning {unknown}
Potions
 b - 2 potions of heal wounds
 f - 2 potions of haste
 g - 3 potions of flight
 k - a potion of cancellation
 l - a potion of ambrosia
 m - 3 potions of might
 n - 4 potions of lignification
 p - 3 potions of degeneration
 v - 2 potions of stabbing
 z - a potion of resistance
 A - a potion of brilliance
 B - a potion of berserk rage
 C - a potion of mutation
 F - a potion of magic
 G - a potion of curing


   Skills:
 + Level 5.8 Fighting
 - Level 2.1 Dodging
 - Level 2.0 Stealth
 + Level 7.3 Spellcasting
 * Level 13.8 Conjurations
 * Level 12.2 Fire Magic


You had 19 spell levels left.
You knew the following spells:

 Your Spells              Type           Power        Failure   Level
a - Foxfire               Conj/Fire      ####         1%          1
b - Sticky Flame          Conj/Fire      ######..     1%          4

Your spell library contained the following spells:

 Spells                   Type           Power        Failure   Level
 Conjure Flame            Conj/Fire      ######..     1%          3
 Dazzling Flash           Conj/Hex       ####..       1%          3
 Fireball                 Conj/Fire      ######....   1%          5
 Inner Flame              Hex/Fire       ####....     2%          3
 Corona                   Hex            #......      11%         1
 Ensorcelled Hibernation  Hex/Ice        #.....       16%         2
 Confusing Touch          Hex            #.......     30%         3
 Tukima's Dance           Hex            #.......     30%         3


Dungeon Overview and Level Annotations

Branches:
Dungeon (10/15)            Temple (1/1) D:6            Lair (2/6) D:9
  Swamp: Lair:2-4    Shoals: Lair:2-4     Snake: Lair:2-4    Spider: Lair:2-4
    Orc: D:9-12

Altars:
Ashenzari
Cheibriados
Dithmenos
Elyvilon
Fedhas
Gozag
Hepliaklqana
Kikubaaqudgha
Makhleb
Nemelex Xobeh
Okawaru
Qazlal
Ru
Sif Muna
Trog
Uskayaw
Vehumet
Wu Jian
Xom
Yredelemnul
Zin
The Shining One

Shops:
D:6 =   D:8 ?


Innate Abilities, Weirdness & Mutations

You have a beak for a mouth.
You have claws for feet.
You can fly continuously.


Message History

The seven-headed hydra burns!
The seven-headed hydra burns!
The seven-headed hydra burns!
The seven-headed hydra burns!
The seven-headed hydra burns!
The flames covering the seven-headed hydra go out.
The seven-headed hydra stops burning.
Casting: Sticky Flame (dangerous; 1% risk of failure)
Confirm with . or Enter, or press ? or * to list all spells.
You conjure some foxfire!
The foxfire hits the seven-headed hydra.
The seven-headed hydra is almost dead.
The foxfire hits the seven-headed hydra.
The seven-headed hydra is almost dead.
The seven-headed hydra bites you!
* * * LOW HITPOINT WARNING * * *
The seven-headed hydra bites you!
* * * LOW HITPOINT WARNING * * *
The seven-headed hydra bites you.
You die...

##...≈≈≈≈...
##...≈≈≈≈≈≈..
###....≈≈≈≈≈≈..
##.#.....≈≈≈≈≈≈.
##.......<.≈≈≈≈≈.
##.........≈≈≈≈≈≈.
##..........≈≈≈≈≈≈.
##.#..........≈≈≈≈.#
#.§@D(.........≈....
#.§.................
#.........##.........
#.........#.#........#
......>................
.......................P
................§......#
..####.................#
.............##


You could see a seven-headed hydra.

Vanquished Creatures
  Pikel (D:4)
  Joseph (Lair:1)
  A centaur zombie (D:10)
  A cane toad (Lair:1)
  Psyche (D:9)
  3 komodo dragons
  A polar bear (Lair:2)
  A tyrant leech (Lair:2)
  Grinder (D:5)
  3 blink frogs (Lair:2)
  4 hippogriffs
  A vampire (D:10)
  A wyvern (D:8)
  A wraith (D:9)
  4 yaks (D:4)
  A basilisk (Lair:2)
  Edmund (D:5)
  2 swamp worms (Lair:2)
  4 porcupines
  3 orc warriors
  3 ice beasts (D:6)
  4 sky beasts
  5 ogres
  5 wolves (Lair:1)
  5 crocodiles
  4 centaurs
  4 lemures
  3 bullfrogs
  A wyvern skeleton (D:6)
  A scorpion (D:7)
  8 killer bees
  24 wights
  A quasit (D:6)
  A hound (D:5)
  6 orc priests
  2 jellies
  7 orc wizards
  Jessica (D:2)
  A bullfrog skeleton (D:6)
  Ijyb (D:3)
  Terence (D:1)
  2 iguanas
  6 worker ants
  A killer bee zombie (D:6)
  A howler monkey skeleton (D:5)
  2 worker ant zombies (D:9)
  6 gnolls
  10 adders
  2 shadow imps
  2 white imps (D:6)
  3 ufetubi
  An ooze (D:2)
  An adder zombie (D:6)
  2 adder skeletons
  2 worms
  3 dart slugs
  4 leopard geckos
  34 orcs
  9 bats
  4 giant cockroaches
  5 hobgoblins
  9 jackals
  5 kobolds
  4 quokkas
  2 ball pythons
  A frilled lizard (D:3)
  21 goblins
  A leopard gecko skeleton (D:6)
  A quokka skeleton (D:9)
  10 rats
  A plant (D:2)
279 creatures vanquished.

Vanquished Creatures (others)
  1171 foxfires
  3 fungi (D:9)
  3 plants (Lair:2)
1177 creatures vanquished.

Grand Total: 1456 creatures vanquished

Notes
Turn   | Place    | Note
-------+----------+-------------------------------------------
     0 | D:1      | Infinimo the Tengu Fire Elementalist began the quest for
                  | the Orb.
     0 | D:1      | Reached XP level 1. HP: 10/10 MP: 4/4
   186 | D:1      | Found a shimmering altar of Xom.
   188 | D:1      | Found a shimmering blue altar of Sif Muna.
   188 | D:1      | Found a blossoming altar of Fedhas.
   198 | D:1      | Found a sparkling altar of Nemelex Xobeh.
   198 | D:1      | Found a white marble altar of Elyvilon.
   198 | D:1      | Found a snail-covered altar of Cheibriados.
   423 | D:1      | Reached skill level 2 in Conjurations
   423 | D:1      | Reached XP level 2. HP: 14/15 MP: 0/6
  1131 | D:1      | Reached XP level 3. HP: 19/19 MP: 1/7
  1890 | D:2      | Noticed Terence
  1928 | D:1      | Killed Terence
  1928 | D:1      | Reached skill level 3 in Conjurations
  1928 | D:1      | Reached XP level 4. HP: 18/24 MP: 8/8
  2002 | D:2      | Noticed Jessica
  2009 | D:2      | Killed Jessica
  2230 | D:2      | Gained mutation: You can fly continuously. [Tengu growth]
  2230 | D:2      | Reached XP level 5. HP: 28/28 MP: 7/10
  2284 | D:2      | Reached skill level 4 in Conjurations
  2290 | D:2      | Learned a level 4 spell: Sticky Flame
  2430 | D:2      | Found a burning altar of Makhleb.
  2432 | D:2      | Found a shimmering altar of Xom.
  3284 | D:3      | Reached skill level 5 in Fire Magic
  3474 | D:3      | Noticed Ijyb
  3487 | D:3      | Killed Ijyb
  3685 | D:3      | Reached XP level 6. HP: 19/32 MP: 7/11
  3861 | D:3      | Found a white marble altar of Elyvilon.
  4321 | D:4      | Reached skill level 5 in Conjurations
  5584 | D:4      | Noticed Pikel
  5750 | D:4      | Reached XP level 7. HP: 22/36 MP: 6/13
  6009 | D:4      | Reached skill level 6 in Conjurations
  6503 | D:4      | Killed Pikel
  6503 | D:4      | Reached skill level 7 in Conjurations
  6503 | D:4      | Reached XP level 8. HP: 41/41 MP: 1/15
  6650 | D:4      | Noticed a yak
  6650 | D:4      | Noticed a yak
  6668 | D:4      | Noticed a yak
  6681 | D:4      | Killed a yak
  6681 | D:4      | Reached skill level 8 in Conjurations
  6705 | D:4      | Killed a yak
  6724 | D:4      | Noticed a yak
  7039 | D:4      | Found a basalt altar of Yredelemnul.
  7080 | D:4      | Killed a yak
  7109 | D:4      | Killed a yak
  7109 | D:4      | Reached skill level 9 in Conjurations
  7203 | D:5      | Entered Level 5 of the Dungeon
  7530 | D:5      | Reached XP level 9. HP: 32/46 MP: 13/17
  7768 | D:5      | Noticed Grinder
  7768 | D:5      | Paralysed by Grinder for 5 turns
  7792 | D:5      | Killed Grinder
  7792 | D:5      | Reached skill level 1 in Fighting
  7792 | D:5      | Reached skill level 5 in Spellcasting
  7835 | D:5      | Noticed Edmund
  7859 | D:5      | Killed Edmund
  8675 | D:6      | Found a staircase to the Ecumenical Temple.
  8690 | Temple   | Entered the Ecumenical Temple
  9012 | D:6      | Reached skill level 10 in Conjurations
  9377 | D:6      | Found a transporter.
  9612 | D:6      | Found Suepn's Jewellery Shop.
  9615 | D:6      | Found a transporter.
 10021 | D:6      | HP: 2/49 [something (25)]
 11278 | D:8      | Found Vepo's Magic Scroll Shoppe.
 11281 | D:8      | Bought a scroll of blinking for 105 gold pieces
 11396 | D:8      | Reached XP level 10. HP: 49/56 MP: 15/19
 11512 | D:8      | Reached skill level 11 in Conjurations
 11512 | D:8      | Reached skill level 10 in Fire Magic
 11876 | D:8      | Got a transparent rapier
 11877 | D:8      | Identified the +1 rapier of Oily Reinforcement {venom,
                  | Str+3 Int-5 Dex+5} (You found it on level 8 of the Dungeon)
 12297 | D:8      | Found an opulent altar of Gozag.
 12299 | D:8      | Found a bloodstained altar of Trog.
 13322 | D:9      | Noticed Psyche
 13338 | D:9      | Killed Psyche
 13465 | D:9      | Found a shimmering blue altar of Sif Muna.
 13509 | D:9      | Found a staircase to the Lair.
 13593 | D:9      | Reached skill level 12 in Conjurations
 13943 | D:9      | Found a sacrificial altar of Ru.
 14140 | D:10     | Entered Level 10 of the Dungeon
 15100 | D:10     | Reached XP level 11. HP: 62/62 MP: 13/21
 15631 | D:10     | Reached skill level 5 in Fighting
 16058 | Lair:1   | Entered Level 1 of the Lair of Beasts
 16229 | Lair:1   | Reached skill level 13 in Conjurations
 16377 | Lair:1   | Noticed Joseph
 16392 | Lair:1   | Killed Joseph
 18768 | Lair:2   | Noticed a seven-headed hydra
 18816 | Lair:2   | HP: 1/64 [seven-headed hydra (16)]
 18816 | Lair:2   | Slain by a seven-headed hydra

Illustrated notes

Levels and vault maps discovered:
D:1:      minmay_arrival_nine_rooms, layout_basic, minivault_26,
          doesnt_xom_only_xom
D:2:      kennysheep_the_goblin_king, layout_rooms,
          chequers_temple_overflow_statue_of_worship, serial_forest,
          infiniplex_forest_lined_3_way, infiniplex_forest_end_3,
          infiniplex_forest_side_room, infiniplex_forest_pool,
          infiniplex_forest_clump_double, infiniplex_forest_clump_cross,
          infiniplex_forest_side_room, uniq_terence, uniq_jessica
D:3:      layout_rooms, nicolae_overflow_crystal_walls, uniq_ijyb
D:4:      layout_basic, marbit_many_paths, uniq_pikel
D:5:      layout_loops_ring, uniq_grinder, uniq_edmund
D:6:      gammafunk_cloud_chamber, layout_cave_pods,
          minmay_temple_entry_sparse_star, serial_shops, nicolae_shop_trees
D:7:      layout_basic
D:8:      layout_loops_ring, nicolae_overflow_hidden_temple, serial_shops,
          nicolae_shop_window_shopping
D:9:      layout_loops_ring, kennysheep_mini, nicolae_ru_the_path_less_chosen,
          grunt_lair_entry_orc_guard_hut, minmay_misc_feat_chi, uniq_psyche
D:10:     layout_big_octagon
Temple:   zaba_magenta_temple
Lair:1:   layout_cave_pods, chequers_serial_rivers_large_a,
          beast_lair_carwin_10, uniq_joseph
Lair:2:   layout_hall_layers, skrybe_swamp_entry_bodies,
          ebering_ghost_disaster_area, nicolae_volcano_entry_hallway,
          chequers_serial_rivers_micro_d, worms_lemuel,
          infiniplex_staircase_pool

Skill      XL: |  1  2  3  4  5  6  7  8  9 10 11 |
---------------+----------------------------------+-----
Conjurations   | 2 3 4 5 7 9 10 12 13 | 13.8
Fire Magic     | 4 5 6 7 8 9 11 12 | 12.2
Spellcasting   | 3 4 5 6 7 |  7.3
Fighting       | 3 4 5 |  5.8
Dodging        | |  2.1
Stealth        | |  2.0

Action                   |  1- 3 |  4- 6 |  7- 9 | 10-12 || total
-------------------------+-------+-------+-------+-------++-------
Melee: Short sword       |     4 |       |       |       ||     4
       Kick              |     1 |     5 |       |     1 ||     7
       Dagger            |     5 |    34 |     1 |     6 ||    46
       Peck              |     1 |     6 |       |       ||     7
 Cast: Foxfire           |    83 |   155 |   180 |   265 ||   683
       Sticky Flame      |       |     4 |    26 |    71 ||   101
 Abil: Fly               |       |     1 |       |       ||     1
Evoke: Wand              |       |       |       |     3 ||     3
  Use: Scroll            |     4 |    10 |     8 |     6 ||    28
       Potion            |       |     2 |       |     2 ||     4
 Stab: Sleeping          |       |     1 |       |       ||     1
       Confused          |       |       |       |     1 ||     1
Armor: Robe              |     5 |    12 |    16 |    22 ||    55
Dodge: Dodged            |    10 |    52 |    79 |   138 ||   279

Table legend: (Time is in decaauts)
 A = Elapsed time spent in this place.
 B = Non-inter-level travel time spent in this place.
 C = Inter-level travel time spent in this place.
 D = Time resting spent in this place.
 E = Time spent auto-exploring this place.
 F = Levels seen in this place.
 G = Mean time per level.
                   A        B        C        D        E       F      G
               +--------+--------+--------+--------+--------+-----+--------+
         Total |  18114 |  17388 |    726 |    279 |  14236 |  13 | 1393.4 |
       Dungeon |  15375 |  14693 |    682 |    279 |  11908 |  10 | 1537.5 |
        Temple |     89 |     84 |      5 |      0 |     70 |   1 |   89.0 |
          Lair |   2649 |   2611 |     38 |      0 |   2257 |   2 | 1324.5 |
               +--------+--------+--------+--------+--------+-----+--------+

Top non-repeatable levels by time:
     D:3: 2048 daAuts
     D:6: 1974 daAuts
  Lair:1: 1803 daAuts
     D:4: 1709 daAuts
     D:1: 1679 daAuts
    D:10: 1655 daAuts
     D:8: 1589 daAuts
     D:2: 1546 daAuts
     D:9: 1430 daAuts
     D:5: 1001 daAuts
  Lair:2: 845 daAuts
     D:7: 741 daAuts
  Temple: 89 daAuts
